 Dungeon Crawl Stone Soup version 0.28.0-45-g0d030f2227 (webtiles) character file.

Game seed: 2523841286172802676

97 Kaptain the Magician (level 4, -2/25 HPs)
             Began as a Deep Elf Earth Elementalist on Mar 31, 2022.
             Slain by Sigmund
             ... wielding a +0 scythe
              (14 damage)
             ... on level 3 of the Dungeon.
             The game lasted 00:04:10 (2173 turns).

Kaptain the Magician (Deep Elf Earth Elementalist)  Turns: 2173, Time: 00:04:10

Health: -2/25      AC:  2    Str:  5    XL:     4   Next: 42%
Magic:  7/12       EV: 13    Int: 22    God:
Gold:   54         SH:  0    Dex: 15    Spells: 7/11 levels left

rFire   . . .      SeeInvis .   g - +0 hunting sling
rCold   . . .      Faith    .   (no shield)
rNeg    . . .      Spirit   .   b - +0 robe
rPois   .          Reflect  .   (no helmet)
rElec   .          Harm     .   (no cloak)
rCorr   .          Rampage  .   (no gloves)
Will    .....                   (no boots)
Stlth   ++........              k - amulet of magic regeneration
HPRegen 0.08/turn               (no ring)
MPRegen 0.53/turn               (no ring)

@: no status effects
A: no striking features
a: no special abilities


You were on level 3 of the Dungeon.
You visited 1 branch of the dungeon, and saw 3 of its levels.

You collected 54 gold pieces.

Inventory:

Hand Weapons
 e - a +0 short sword
 f - a +3 dagger
 g - a +0 hunting sling (weapon)
 r - a +0 long sword
Missiles
 a - 40 sling bullets (quivered ammo)
 c - 81 stones
 q - a throwing net
Armour
 b - a +0 robe (worn)
 d - a scarf of shadows
Jewellery
 k - an amulet of magic regeneration (around neck)
Scrolls
 h - 2 scrolls of identify {unknown}
 m - 2 scrolls of amnesia {unknown}
 n - a scroll of vulnerability {unknown}
 o - a scroll of fog {unknown}
 p - a scroll of torment {unknown}
 s - a scroll of summoning {unknown}
 t - a scroll of noise {unknown}
Potions
 i - 2 potions of curing {unknown}
 j - 2 potions of cancellation {unknown}
 l - 2 potions of flight {unknown}


   Skills:
 * Level 1.3 Fighting
 + Level 0.6 Armour
 + Level 2.8 Dodging
 - Level 2.4 Stealth
 * Level 4.0 Spellcasting
 * Level 1.6 Conjurations
 - Level 1.1 Transmutations
 * Level 3.9 Earth Magic


You had 7 spell levels left.
You knew the following spells:

 Your Spells              Type           Power      Damage    Failure   Level
a - Sandblast             Erth           42%        2d11      2%          1
b - Stone Arrow           Conj/Erth      32%        3d9       11%         3

Your spell library contained the following spells:

 Spells                   Type           Power      Damage    Failure   Level
 Passwall                 Tmut/Erth      12%        N/A       6%          2
 Portal Projectile        Hex/Tloc       8%         N/A       32%         3
 Petrify                  Tmut/Erth      15%        N/A       36%         4
 Blade Hands              Tmut           4%         N/A       89%         5
 Excruciating Wounds      Necr           2%         N/A       97%         5


Dungeon Overview and Level Annotations

Branches:
Dungeon (3/15)

Altars:

Annotations:
D:3 Sigmund


Message History

HP restored.
You climb downwards.
Level annotation: Sigmund
There is a stone staircase leading up here.
Unknown command.
Casting: Stone Arrow (quite dangerous; 11% risk of failure)
Confirm with . or Enter, or press ? or * to list all spells.
Aiming: Stone Arrow (quite dangerous; 11% risk of failure)
Press: ? - help, Shift-Dir - straight line, f - Sigmund
Aim: Sigmund, wielding a +0 scythe and wearing a +0 robe (64% to hit)
The stone arrow misses Sigmund.
Sigmund gestures wildly while chanting.
Sigmund flickers and vanishes!
Deactivating autopickup; reactivate with Ctrl-A.
Casting: Stone Arrow (quite dangerous; 11% risk of failure)
Confirm with . or Enter, or press ? or * to list all spells.
Aiming: Stone Arrow (quite dangerous; 11% risk of failure)
Press: ? - help, Shift-Dir - straight line Unknown command.
Okay, then.
Unknown command.
Unknown command.
Casting: Stone Arrow (quite dangerous; 11% risk of failure)
Confirm with . or Enter, or press ? or * to list all spells.
Aiming: Stone Arrow (quite dangerous; 11% risk of failure)
Press: ? - help, Shift-Dir - straight line You hear some strange, mumbled words.
You are confused.
Unknown command.
Something hits you.
In your confused state, you trip and fall back down the stairs.
Something hits you.
Unknown command.
In your confused state, you trip and fall back down the stairs.
Something hits you.
Unknown command.
You feel less confused. Something hits you!
Ouch! That really hurt!
You die...

########..#.# #.#
# #..#.# #### #.#
##..#.# #.. #.# ##
#...#.# ... #.# .#
#..##.###.### #.#
.# ###............
#.# .#
#.......###.##.
.####.#.........##
........######{.@#
#####.#.# #.###
#.#..# #.. #.##.#
#..# ... .. .>.#
### ..# ...# #.#
#...# .. #..


There were no monsters in sight!

Vanquished Creatures
  Jessica (D:3)
  An adder (D:3)
  A worm (D:3)
  2 dart slugs (D:2)
  6 endoplasms
  2 giant cockroaches (D:1)
  10 goblins
  8 hobgoblins
  7 kobolds
  A quokka (D:2)
  4 ball pythons
  2 bats
  3 frilled lizards
  3 rats
51 creatures vanquished.

Notes
Turn   | Place    | Note
-------+----------+-------------------------------------------
     0 | D:1      | Kaptain the Deep Elf Earth Elementalist began the quest for
                  | the Orb.
     0 | D:1      | Reached XP level 1. HP: 10/10 MP: 6/6
   170 | D:1      | Reached XP level 2. HP: 16/16 MP: 5/8
   541 | D:1      | Reached skill level 1 in Conjurations
   635 | D:1      | Reached XP level 3. HP: 20/20 MP: 7/9
  1161 | D:2      | Found a faded altar of an unknown god.
  1407 | D:2      | Reached skill level 1 in Fighting
  1624 | D:2      | Learned a level 3 spell: Stone Arrow
  1893 | D:3      | Noticed Jessica
  1898 | D:3      | Killed Jessica
  1899 | D:3      | Reached XP level 4. HP: 25/25 MP: 6/11
  2066 | D:3      | Noticed Sigmund
  2068 | D:3      | Reached skill level 4 in Spellcasting
  2173 | D:3      | Slain by Sigmund

Illustrated notes

Levels and vault maps discovered:
D:1:      minmay_arrival_four_loops, layout_basic, glass_columns_b,
          minmay_misc_feat_secret_circle, minmay_small_reverse_x
D:2:      layout_rooms, hellmonk_ecumenical_altar_pennies_from_heaven,
          kennysheep_big_empty_room, nrook_uturn
D:3:      layout_basic, uniq_sigmund, uniq_jessica

Skill      XL: |  1  2  3  4 |
---------------+-------------+-----
Conjurations   | 1 |  1.6
Fighting       | 1 |  1.3
Spellcasting   | 4 |  4.0
Armour         | |  0.6
Dodging        | |  2.8
Stealth        | |  2.4
Transmutations | |  1.1
Earth Magic    | |  3.9

Action                   |  1- 3 |  4- 6 || total
-------------------------+-------+-------++-------
Melee: Dagger            |    14 |       ||    14
       Punch             |     1 |       ||     1
 Fire: Hunting sling     |    25 |     5 ||    30
 Cast: Sandblast         |    45 |     2 ||    47
       Stone Arrow       |       |     6 ||     6
 Stab: Distracted        |     1 |       ||     1
       Sleeping          |     1 |       ||     1
Armor: Robe              |     2 |       ||     2
Dodge: Dodged            |    20 |       ||    20
